 Dungeon Crawl Stone Soup version 0.28-a0-1613-gdaab1c2f9b (webtiles) character file.

Game seed: 5984497212891040199

35 Shayle the Skirmisher (level 3, 0/28 HPs)
             Began as a Demonspawn Warper on Jan 21, 2022.
             Succumbed to an adder's poison
             ... on level 2 of the Dungeon.
             The game lasted 00:03:39 (1708 turns).

Shayle the Skirmisher (Demonspawn Warper)           Turns: 1708, Time: 00:03:39

Health: 0/28       AC:  3    Str: 11 (13) XL:     3   Next: 16%
Magic:  6/6        EV: 11    Int: 13 (14) God:
Gold:   9          SH:  0    Dex:  9 (12) Spells: 6/6 levels left

rFire   . . .      SeeInvis .   a - +0 hand axe
rCold   . . .      Faith    .   (no shield)
rNeg    . . .      Spirit   .   b - +0 leather armour
rPois   .          Reflect  .   (helmet restricted)
rElec   .          Harm     .   (no cloak)
rCorr   .          Rampage  .   (no gloves)
Will    .....                   (no boots)
Stlth   +.........              (no amulet)
HPRegen 0.09/turn               (no ring)
MPRegen 0.20/turn               (no ring)

@: lethally poisoned (0 -> -1)
A: antennae 1, magic regeneration
a: no special abilities


You were on level 2 of the Dungeon.
You visited 1 branch of the dungeon, and saw 2 of its levels.

You collected 31 gold pieces.
You spent 22 gold pieces at shops.

Inventory:

Hand Weapons
 a - a +0 hand axe (weapon)
Missiles
 d - 4 boomerangs of dispersal (quivered)
Armour
 b - a +0 leather armour (worn)
Scrolls
 f - 3 scrolls of immolation {unknown}
 g - 2 scrolls of teleportation {unknown}
 h - 2 scrolls of fear {unknown}
 k - a scroll of enchant armour {unknown}


   Skills:
 + Level 2.9 Fighting
 - Level 1.7 Axes
 - Level 0.8 Throwing
 - Level 0.8 Armour
 - Level 1.7 Dodging
 + Level 1.9 Stealth
 - Level 2.0 Spellcasting
 - Level 2.6 Translocations


You had 6 spell levels left.
You didn't know any spells.
Your spell library contained the following spells:

 Spells                   Type           Power      Damage    Failure   Level
 Blink                    Tloc           16%        N/A       17%         2
 Gell's Gravitas          Tloc           8%         N/A       32%         3
 Lesser Beckoning         Tloc           8%         N/A       32%         3
 Teleport Other           Tloc           8%         N/A       32%         3
 Manifold Assault         Tloc           8%         N/A       97%         5


Dungeon Overview and Level Annotations

Branches:
Dungeon (1/15)

Altars:

Shops:
D:1 !!??


Innate Abilities, Weirdness & Mutations

You have a pair of small antennae on your head.
You regenerate magic rapidly.


Message History

You feel sick. The endoplasm misses you.
You feel sick.
You miss the adder.
The adder is lightly wounded.
You hit the endoplasm.
You feel sick. The adder closely misses you. The endoplasm closely misses you.
The adder closely misses you.
Unknown command.
You hit the adder.
The adder is severely wounded.
You hit the endoplasm.
You feel sick. The endoplasm freezes you.
You are frozen.
* * * LOW HITPOINT WARNING * * *
The adder bites you but does no damage.
You closely miss the adder.
The adder is severely wounded.
You hit the endoplasm.
You kill the endoplasm!
You feel sick.
You are no longer poisoned.
The adder barely misses you. The adder bites you.
* * * LOW HITPOINT WARNING * * *
You hit the adder.
The adder is almost dead.
The adder bites you but does no damage. The adder bites you.
* * * LOW HITPOINT WARNING * * *
You are lethally poisoned!
The adder poisons you!
Unknown command.
Okay, then.
Blink to where?
Press: ? - help, Dir - move target, p - adder
As you read the scroll of blinking, it crumbles to dust.
* * * LOW HITPOINT WARNING * * *
You feel sick.
* * * LOW HITPOINT WARNING * * *
You feel sick.
* * * LOW HITPOINT WARNING * * *
You feel sick.
You die...

##.## #.#
#..###..###.# ### #.#
#..# #S.# #.#
.....##....
#.##..#.#.#.####
#########.##.##.##..#
#.....†.............#
#.##########.##.##.##
#.# #.#.#.## #.##
#..@## ...#
#.........# #..#
#....####.# #.>#
#.#.## #..# #.#. ...#
# .^ ##.. .. ### ...


There were no monsters in sight!

Vanquished Creatures
  A worm (D:2)
  A dart slug (D:1)
  3 endoplasms
  2 goblins (D:1)
  5 hobgoblins (D:1)
  2 quokkas (D:1)
  5 ball pythons
  A bat (D:2)
  A frilled lizard (D:1)
  3 kobolds (D:1)
  5 rats
29 creatures vanquished.

Notes
Turn   | Place    | Note
-------+----------+-------------------------------------------
     0 | D:1      | Shayle the Demonspawn Warper began the quest for the Orb.
     0 | D:1      | Reached XP level 1. HP: 16/16 MP: 3/3
   535 | D:1      | Reached skill level 1 in Stealth
   692 | D:1      | Found Lecuizau's Magic Scroll Emporium.
   707 | D:1      | Gained mutation: You have a pair of small antennae on your
                  | head. [demonic ancestry]
   707 | D:1      | Reached XP level 2. HP: 23/23 MP: 5/5
   849 | D:1      | Bought a scroll of identify for 22 gold pieces
   907 | D:1      | Found Otifapsi's Distillery.
   926 | D:1      | Found Xiloz's Distillery.
  1167 | D:1      | Found Temot's Magic Scroll Emporium.
  1367 | D:1      | You fall into a shaft and drop 1 floor!
  1445 | D:2      | Gained mutation: You regenerate magic rapidly. [demonic
                  | ancestry]
  1445 | D:2      | Reached XP level 3. HP: 15/28 MP: 6/6
  1707 | D:2      | HP: 1/28 [poisoned by an adder]
  1708 | D:2      | Succumbed to an adder's poison

Illustrated notes

Levels and vault maps discovered:
D:1:      beargit_arrival_diablo_church, layout_basic, serial_shops,
          nicolae_shop_hallway_plus, shop_scrolls,
          nicolae_shop_advertising_works [nicolae_subvault_shop_adworks], shop
D:2:      layout_loops_ring, basic_ecumenical_altar

Skill      XL: |  1 |
---------------+----+-----
Stealth        | 1 |  1.9
Fighting       | |  2.9
Axes           | |  1.7
Throwing       | |  0.8
Armour         | |  0.8
Dodging        | |  1.7
Spellcasting   | |  2.0
Translocations | |  2.6

Action                   || total
-------------------------++-------
Melee: Hand axe          ||   121
       Punch             ||     1
Throw: Boomerang         ||     1
  Use: Scroll            ||     2
       Potion            ||     1
 Stab: Sleeping          ||     3
Armor: Leather armour    ||    27
Dodge: Dodged            ||    75

Table legend: (Time is in decaauts)
 A = Elapsed time spent in this place.
 B = Non-inter-level travel time spent in this place.
 C = Inter-level travel time spent in this place.
 D = Time resting spent in this place.
 E = Time spent auto-exploring this place.
 F = Levels seen in this place.
 G = Mean time per level.
                   A        B        C        D        E       F      G
               +--------+--------+--------+--------+--------+-----+--------+
         Total |   1734 |   1734 |      0 |    886 |    406 |   2 |  867.0 |
       Dungeon |   1734 |   1734 |      0 |    886 |    406 |   2 |  867.0 |
               +--------+--------+--------+--------+--------+-----+--------+

Top non-repeatable levels by time:
     D:1: 1384 daAuts
     D:2: 349 daAuts
